 Dungeon Crawl Stone Soup version 0.20.1-1-g8b1a95d (webtiles) character file.

536 PhyxPenguin the Ruffian (level 7, -2/67 HPs)
             Began as a Troll Fighter on Nov 16, 2017.
             Slain by a hippogriff (9 damage)
             ... on level 4 of the Dungeon.
             The game lasted 00:21:24 (2516 turns).

PhyxPenguin the Ruffian (Troll Fighter)             Turns: 2516, Time: 00:21:24

Health: -2/67      AC:  5    Str: 27    XL:     7   Next: 4%
Magic:  6/6        EV:  9    Int:  4    God:
Gold:   100        SH:  9    Dex:  9    Spells: 6/6 levels left

rFire    . . .     SeeInvis .     - Unarmed
rCold    . . .     Gourm    +   b - +0 shield
rNeg     . . .     Faith    .   a - +0 robe
rPois    .         Spirit   .   (helmet restricted)
rElec    .         Reflect  .   (no cloak)
rCorr    .         Harm     .   (gloves unavailable)
MR       .....                  (boots unavailable)
Stlth    ++........             (no amulet)
Regen    0.7/turn               o - ring of stealth
MPRegen  0.1/turn               (no ring)

@: very slightly contaminated
A: unfitting armour, claws 3, fast metabolism 3, gourmand, regeneration 1,
shaggy fur 1, tough skin 2
a: no special abilities


You were on level 4 of the Dungeon.
You were not hungry.

You visited 1 branch of the dungeon, and saw 4 of its levels.

You collected 100 gold pieces.

Inventory:

Armour
 a - a +0 robe (worn)
 b - a +0 shield (worn)
 i - a +2 naga barding of stealth
 j - a +0 naga barding
 n - a +0 cloak
Jewellery
 l - an uncursed ring of wizardry
 o - a ring of stealth (left claw)
Scrolls
 h - 2 scrolls of enchant weapon
Potions
 c - 2 potions of might
 d - a potion of brilliance {unknown}
 g - 2 potions of haste {unknown}
 m - a potion of degeneration {unknown}


   Skills:
 + Level 3.1 Fighting
 + Level 3.7 Dodging
 + Level 4.3 Shields
 + Level 4.6 Unarmed Combat


You had 6 spell levels left.
You didn't know any spells.

Dungeon Overview and Level Annotations

Branches:
Dungeon (4/15)
 Temple: D:4-7

Altars:
Yredelemnul


Innate Abilities, Weirdness & Mutations

You are too large for most types of armour.
You have claws for hands.
Your metabolism is lightning-fast.
You like to eat raw meat.
Your natural rate of healing is unusually fast.
You are covered in fur. (AC +1)
You have very tough skin. (AC +2)


Message History

The hippogriff claws you.
* * * LOW HITPOINT WARNING * * *
Blink to where?
Press: ? - help, Dir - move target cursor You are very lightly contaminated with residual magic.
As you read the scroll of blinking, it crumbles to dust.
Found an escape hatch in the ceiling.
Found a dagger.
You block the bat's attack. You block the bat's attack.
The bat barely misses you. The hippogriff bites you!
* * * LOW HITPOINT WARNING * * *
The hippogriff pecks you.
* * * LOW HITPOINT WARNING * * *
The hippogriff claws you.
* * * LOW HITPOINT WARNING * * *
The hippogriff bites you.
* * * LOW HITPOINT WARNING * * *
The hippogriff pecks you!
You die...

#.#...### ##.######
.......# #.# .......
#.# ..... ##'## #...#
##...## ...# ##.....##
####.## ##.......##
##.#...####.........#
##...H@...)+.........+
#<....#b####.........#
##......# ##.......##
##.##### ##.....## #.#
##.).## #.# ##'## #.#
#.# #.# #.# #.# ##.##


You could see a hippogriff and a bat.

Vanquished Creatures
  Grinder (D:3)
  Sigmund (D:2)
  An orc priest (D:3)
  8 adders
  3 oozes
  2 worms
  2 dart slugs (D:3)
  3 leopard geckos
  5 orcs (D:3)
  2 giant cockroaches
  2 gnoll zombies (D:2)
  5 goblins
  4 hobgoblins
  2 jackals (D:1)
  A quokka (D:3)
  2 ball pythons
  6 bats
  5 frilled lizards
  6 kobolds
  9 rats
70 creatures vanquished.

Notes
Turn   | Place    | Note
-------+----------+-------------------------------------------
     0 | D:1      | PhyxPenguin the Troll Fighter began the quest for the Orb.
     0 | D:1      | Reached XP level 1. HP: 22/22 MP: 0/0
   273 | D:1      | Reached XP level 2. HP: 21/29 MP: 1/1
   757 | D:2      | Reached XP level 3. HP: 32/36 MP: 2/2
  1040 | D:2      | Found a basalt altar of Yredelemnul.
  1104 | D:2      | Reached XP level 4. HP: 44/44 MP: 3/3
  1212 | D:2      | Noticed Sigmund
  1233 | D:2      | Killed Sigmund
  1233 | D:2      | Reached XP level 5. HP: 25/53 MP: 4/4
  1489 | D:3      | Noticed Grinder
  1490 | D:3      | Paralysed by Grinder for 6 turns
  1503 | D:3      | Killed Grinder
  1503 | D:3      | Reached XP level 6. HP: 29/61 MP: 5/5
  1792 | D:3      | Reached XP level 7. HP: 29/67 MP: 6/6
  2159 | D:3      | Found a faded altar of an unknown god.
  2490 | D:4      | Noticed a hippogriff
  2516 | D:4      | Slain by a hippogriff

Skill      XL: |  1  2  3  4  5 |
---------------+----------------+-----
Dodging        | 3 |  3.7
Shields        | 3 4 |  4.3
Fighting       | 3 |  3.1
Unarmed Combat | 3 4 |  4.6

Action                   |  1- 3 |  4- 6 |  7- 9 || total
-------------------------+-------+-------+-------++-------
Melee: Unarmed           |   126 |   106 |    35 ||   267
  Use: Scroll            |     2 |     1 |     5 ||     8
  Eat: Bread ration      |     2 |       |     1 ||     3
       Chunk             |       |     7 |     2 ||     9
Armor: Robe              |    55 |    67 |    27 ||   149
Dodge: Dodged            |    66 |    80 |    40 ||   186
Block: Shield            |    87 |    78 |    32 ||   197
